 Dungeon Crawl Stone Soup version 0.22.0-13-g43fe8f24b8 (webtiles) character file.

55 Htamos the Ducker (level 3, -1/15 HPs)
             Began as a Felid Air Elementalist on Aug 16, 2018.
             Slain by an adder (4 damage)
             ... on level 1 of the Dungeon.
             The game lasted 00:04:14 (2096 turns).

Htamos the Ducker (Felid Air Elementalist)          Turns: 2096, Time: 00:04:14

Health: -1/15      AC:  1    Str:  8    XL:     3   Next: 67%
Magic:  2/7        EV: 19    Int: 17    God:
Gold:   52         SH:  0    Dex: 16    Spells: 5/6 levels left
                                        Lives:  0   Deaths: 0

rFire    . . .     SeeInvis +   (weapon unavailable)
rCold    . . .     Gourm    .   (shield unavailable)
rNeg     . . .     Faith    .   (armour unavailable)
rPois    .         Spirit   .   (helmet unavailable)
rElec    .         Reflect  .   (cloak unavailable)
rCorr    .         Harm     .   (gloves unavailable)
MR       .....                  (boots unavailable)
Stlth    +++.......             (no amulet)
HPRegen  0.05/turn              o - +4 ring of strength (curse)
MPRegen  0.10/turn              (no ring)

@: quick
A: very small, no armour, no weapons or thrown items, stealth, claws 1, fangs 3,
see invisible, carnivore, speed 1, shaggy fur 1, slow metabolism 1, sharp paws
a: no special abilities


You were on level 1 of the Dungeon.
You were very full.

You visited 1 branch of the dungeon, and saw 2 of its levels.

You collected 52 gold pieces.

Inventory:

Jewellery
 o - a cursed +4 ring of strength (left paw)
Scrolls
 a - a scroll of enchant weapon {unknown}
 e - a scroll of magic mapping {unknown}
 f - a scroll of immolation
 l - a scroll of fog {unknown}
 m - a scroll of teleportation {unknown}
Potions
 c - 2 potions of brilliance {unknown}
 d - a potion of degeneration {unknown}
 g - 2 potions of haste {unknown}
 i - 2 potions of berserk rage
 j - 2 potions of flight
 k - a potion of invisibility {unknown}
 n - a potion of might {unknown}
Comestibles
 b - 4 rations


   Skills:
 * Level 1.3 Fighting
 * Level 3.4 Dodging
 + Level 3.1 Stealth
 + Level 0.5 Unarmed Combat
 + Level 2.2 Spellcasting
 + Level 1.1 Conjurations
 * Level 3.0 Air Magic


You had 5 spell levels left.
You knew the following spells:

 Your Spells              Type           Power        Failure   Level  Hunger
a - Shock                 Conj/Air       #...         8%          1    #......

Your spell library contained the following spells:

 Spells                   Type           Power        Failure   Level  Hunger
 Lightning Bolt           Conj/Air       #.........   91%         5    ######.
 Swiftness                Chrm/Air       #.......     16%         2    ###....
 Airstrike                Air            ##........   47%         4    #####..
 Static Discharge         Conj/Air       #.......     24%         3    ###....


Dungeon Overview and Level Annotations

Branches:
Dungeon (2/15)

Altars:

Annotations:
D:1 exclusion: downstairs


Innate Abilities, Weirdness & Mutations

You cannot wear armour.
You are incapable of wielding weapons or throwing items.
Your paws allow you to move quietly. (Stealth)
You have sharp claws.
You have razor-sharp teeth.
You have supernaturally acute eyesight. (SInv)
You are carnivorous and can eat meat at any time.
You cover ground quickly.
You are covered in fur. (AC +1)
You have a slow metabolism.
Your sharp claws are effective at attacking unaware monsters.


Message History

The zap misses the adder.
The adder completely misses you. The adder barely misses you.
Casting: Shock (safe; 8% risk of failure)
Confirm with . or Enter, or press ? or * to list all spells.
Aiming: Shock (safe; 8% risk of failure)
Press: ? - help, Shift-Dir - straight line, f/p - adder
Aim: an adder (lightly wounded)
The zap hits the adder.
The adder is heavily wounded.
The adder bites you.
* * * LOW HITPOINT WARNING * * *
Casting: Shock (safe; 8% risk of failure)
Confirm with . or Enter, or press ? or * to list all spells.
Aiming: Shock (safe; 8% risk of failure)
Press: ? - help, Shift-Dir - straight line, f/p - adder
Aim: an adder (heavily wounded)
The zap hits the adder.
The adder is severely wounded.
The adder bites you.
You die...

.#.######.#.#..#
.#.# #.#.##.##
.#.# #.#.##..#
.#.# #.#.###.#
.#.# #.#.# #.##
.#.# #.#.# #..#
.#.# #.#.# ##.#
.#.######.#.####.#
.#.............S@#
.########....##..#
.# #....##.## .#
#....#..# .#
#....#.## .#
#....#.# .#
#....#.# .#
#....#.# .#
#....#.#


You could see an adder.

Vanquished Creatures
  An adder (D:2)
  An ooze (D:2)
  A worm (D:2)
  A dart slug (D:1)
  2 leopard geckos (D:1)
  4 giant cockroaches (D:1)
  6 hobgoblins
  3 jackals (D:1)
  6 bats
  2 frilled lizards (D:1)
  4 kobolds (D:1)
  3 rats
34 creatures vanquished.

Notes
Turn   | Place    | Note
-------+----------+-------------------------------------------
     0 | D:1      | Htamos the Felid Air Elementalist began the quest for the Orb.
     0 | D:1      | Reached XP level 1. HP: 7/7 MP: 4/4
   313 | D:1      | Reached skill level 1 in Conjurations
   445 | D:1      | Reached XP level 2. HP: 12/12 MP: 4/6
   975 | D:1      | Reached skill level 1 in Fighting
  1247 | D:1      | Reached XP level 3. HP: 15/15 MP: 1/7
  2096 | D:1      | Slain by an adder

Skill      XL: |  1  2  3 |
---------------+----------+-----
Conjurations   | 1 |  1.1
Dodging        | 3 |  3.4
Fighting       | 1 |  1.3
Stealth        | 3 |  3.1
Air Magic      | 3 |  3.0
Unarmed Combat | |  0.5
Spellcasting   | |  2.2

Action                   || total
-------------------------++-------
Melee: Unarmed           ||    20
       Bite              ||     3
 Cast: Shock             ||    81
  Use: Scroll            ||     4
 Stab: Sleeping          ||     1
  Eat: Chunk             ||    10
Armor: Skin              ||     3
Dodge: Dodged            ||    36
